 Dungeon Crawl Stone Soup version 0.31.0-12-g77e489cdc1 (webtiles) character file.

Game seed: 15706111652919632619

8875 firemarshallily the Fighter (level 11, -7/101 HPs)
             Began as an Armataur Fighter on Feb 18, 2024.
             Was a Believer of Ashenzari.
             Mangled by Erica
             ... wielding a +4 scimitar of flaming
              (21 damage)
             ... on level 10 of the Dungeon.
             The game lasted 00:35:51 (10226 turns).

firemarshallily the Fighter (Armataur Fighter)     Turns: 10226, Time: 00:35:52

Health: -7/101     AC:  0    Str: 25    XL:     11   Next: 15%
Magic:  4/11       EV: 10    Int: 10    God:    Ashenzari [**....]
Gold:   591        SH:  5    Dex:  9    Spells: 10/10 levels left

rFire   . . .        L - melded +4 eveningstar "Giant's Toothpick" {antimagic, rN+ Int+3 Dex+3}
rCold   . . .        c - melded +0 buckler
rNeg    . . .        y - melded +2 robe "Eternal Vision" {rF+, Range, Melee} (curse)
rPois   .            t - melded +2 helmet "Share My Oracle" {Melee, Self} (curse)
rElec   .            (cloak currently unavailable)
rCorr   .            A - melded +0 pair of gloves "Share My Yoke" {Self, Fort} (curse)
SInv    +            (no barding)
Will    .....        B - amulet of reflection
Stlth   +            e - melded +4 ring of protection
HPRegen 0.36/turn    I - melded ring of resist corrosion
MPRegen 0.12/turn

%: reflection, roll
@: pig-form (expiring), constricted, very quick
A: fast, no casting, small, (deformed body), (tough skin 3), (armoured tail),
roll 2
a: Renounce Religion, Curse Item, Shatter the Chains


You were on level 10 of the Dungeon.
You worshipped Ashenzari.
Ashenzari was pleased with you.
You were a filthy swine.
You visited 1 branch of the dungeon, and saw 11 of its levels.

You collected 1469 gold pieces.
You spent 878 gold pieces at shops.

Inventory:

Hand Weapons
 s - a +4 heavy mace
 E - the +4 mace "Dragonslayer" {antimagic, +Blink rPois}
   (You bought it in a shop on level 2 of the Dungeon)

   rPois:     It protects you from poison +Blink: It lets you blink.
 L - the +4 eveningstar "Giant's Toothpick" (melded) {antimagic, rN+ Int+3 Dex+3}
   (You acquired it on level 11 of the Dungeon)

   Int+3:     It affects your intelligence (+3).
   Dex+3:     It affects your dexterity (+3).
   rN+:       It protects you from negative energy.
Missiles
 i - 3 throwing nets
 n - 4 darts of dispersal
 o - 47 poisoned darts (quivered)
 D - 13 boomerangs
 J - 10 javelins
Armour
 c - a +0 buckler (melded)
 j - a +2 leather armour of willpower
 t - the cursed +2 helmet "Share My Oracle" (melded) {Melee, Self}
   (You took it off Robin on level 3 of the Dungeon)

   It has a curse which improves the following skills: Melee Combat: Short
   Blades, Long Blades, Axes, Maces & Flails, Polearms, Staves and Unarmed
   Combat.
   Introspection: Fighting and Spellcasting.
 y - the cursed +2 robe "Eternal Vision" (melded) {rF+, Range, Melee}
   (You took it off Jessica on level 3 of the Dungeon)

   It has a curse which improves the following skills: Ranged Combat: Ranged
   Weapons and Throwing.
   Melee Combat: Short Blades, Long Blades, Axes, Maces & Flails, Polearms,
   Staves and Unarmed Combat.
 A - the cursed +0 pair of gloves "Share My Yoke" (melded) {Self, Fort}
   (You found it on level 3 of the Dungeon)

   It has a curse which improves the following skills: Introspection: Fighting
   and Spellcasting.
   Fortitude: Armour and Shields.
 C - a +0 plate armour
 G - a +0 kite shield
 K - +0 steam dragon scales
 O - +0 acid dragon scales
Jewellery
 e - a +4 ring of protection (melded)
 B - an amulet of reflection (around neck)
 I - a ring of resist corrosion (melded)
Wands
 h - a wand of flame (24)
 r - a wand of mindburst (8)
 P - a wand of digging (5)
Scrolls
 a - 2 scrolls of poison
 b - 2 scrolls of enchant weapon
 f - a scroll of fear
 m - a scroll of summoning
 v - a scroll of vulnerability
 z - 2 scrolls of revelation
 H - 2 scrolls of fog
Potions
 d - a potion of might
 l - a potion of berserk rage
 p - a potion of attraction
 q - a potion of mutation
 u - 6 potions of curing
 w - a potion of brilliance
 x - a potion of invisibility
 F - a potion of lignification
 M - a potion of magic
 N - a potion of enlightenment


   Skills:
 * Level 10.4 Fighting
 * Level 7.5 Maces & Flails
 + Level 10.0 Armour
 + Level 1.1 Dodging
 + Level 9.1 Shields


You had 10 spell levels left.
You didn't know any spells.
Your spell library contained the following spells:

 Spells                   Type           Power      Damage    Failure   Level
 Apportation              Tloc           0%         N/A       36%         1
 Summon Small Mammal      Summ           0%         N/A       36%         1
 Jinxbite                 Hex            0%         N/A       50%         2
 Call Canine Familiar     Summ           0%         N/A       75%         3
 Gell's Gravitas          Tloc           0%         N/A       75%         3
 Teleport Other           Tloc           0%         N/A       75%         3
 Animate Armour           Summ/Erth      0%         N/A       98%         4
 Leda's Liquefaction      Alch/Erth      0%         N/A       98%         4
 Summon Blazeheart Golem  Fire/Summ      0%         N/A       98%         4
 Summon Lightning Spire   Summ/Air       0%         N/A       98%         4
 Alistair's Intoxication  Alch           0%         N/A       100%        5
 Lee's Rapid Deconstruct  Erth           0%         3d4*      100%        5
 Summon Forest            Summ/Tloc      0%         N/A       100%        5
 Summon Mana Viper        Hex/Summ       0%         N/A       100%        5
 Bombard                  Conj/Erth      0%         9d1       100%        6
 Dispersal                Tloc           0%         N/A       100%        6
 Summon Cactus Giant      Summ           0%         N/A       100%        6


Dungeon Overview and Level Annotations

Branches:
Dungeon (11/15)            Temple (0/1) D:7            Lair (0/5) D:8
    Orc: D:9-12

Altars:
Ashenzari
Cheibriados
Hepliaklqana
Ru
Sif Muna
Trog
Uskayaw
Xom
Zin

Shops:
D:2 (   D:8 =

Annotations:
D:3 1 runed translucent door, Crazy Yiuf
D:4 1 runed translucent door, LoggersVIII's ghost, novice OpEE
D:10 Erica


Innate Abilities, Weirdness & Mutations

You are a filthy swine.
You move quickly.
Your equipment is almost entirely melded.
You are incapable of wielding weapons or throwing items.
You cannot cast spells.
((Armour fits poorly on your strangely shaped body.))
((You have extremely tough skin. (AC +3)))
((You have a long armoured tail.))
You regenerate magic and health when rolling toward enemies. (Rampage Regen)


Message History

You feel much better. Erica misses you. Erica constricts you.
You miss Erica.
Erica is almost dead.
Your hearing returns.
You closely miss Erica.
Erica is almost dead.
Erica hits you with a +4 scimitar of flaming!
Erica burns you. Erica constricts you.
You hit Erica but do no damage.
Erica is almost dead.
Your transformation is almost over.
Erica boasts, "Reason would be justified, if not for me!"
Erica barely misses you. Erica constricts you.
* * * LOW HITPOINT WARNING * * *
You hit Erica but do no damage.
Erica is almost dead.
Erica says, "I'm so much better than you."
Erica falters for a moment.
Erica constricts you.
* * * LOW HITPOINT WARNING * * *
You hit Erica.
Erica is almost dead.
Erica hits you with a +4 scimitar of flaming.
* * * LOW HITPOINT WARNING * * *
Erica burns you.
* * * LOW HITPOINT WARNING * * *
Erica constricts you.
* * * LOW HITPOINT WARNING * * *
You feel much better.
Erica falters for a moment.
Erica constricts you.
* * * LOW HITPOINT WARNING * * *
Erica's grasp on you weakens, but your attempt to escape fails.
Erica hits you with a +4 scimitar of flaming!
* * * LOW HITPOINT WARNING * * *
Erica burns you.
* * * LOW HITPOINT WARNING * * *
Erica constricts you.
* * * LOW HITPOINT WARNING * * *
You feel better.
Erica hits you with a +4 scimitar of flaming!!
You die...
Erica begins burbling mirthfully and uncontrollably.

#....... ..... #........
.... #....#...# ###
####........#
#...........# ###
#....#..#... +.. .
#.#..#...... #.#
..###.x|...# ####..
.......h...# #.....
#..#..#..#.########.....
.......<................
.............#...#......
#..#..#..#...#...#...#..
........................
########################


You could see Erica (invisible, magic disrupted).

Vanquished Creatures
  Fannar (D:10)
  A two-headed ogre (D:9)
  A komodo dragon (D:10)
  A troll (D:11)
  A hornet (D:8)
  A tarantella (shapeshifter) (D:11)
  A shadow (D:10)
  Eustachio (D:6)
  11 yaks
  9 humans (D:8)
  2 steam dragons
  An acid dragon (D:11)
  A water moccasin (D:7)
  An orc warrior (D:9)
  An ice beast (D:8)
  3 ogres
  2 black bears
  8 centaurs
  3 bullfrogs
  3 kobold brigands
  A gnoll sergeant (D:9)
  3 scorpions
  3 wights (D:9)
  3 howler monkeys
  3 jellies
  A bombardier beetle (D:7)
  4 orc priests
  6 hounds
  2 sleepcaps
  Jessica (D:3)
  2 iguanas
  8 orc wizards
  Robin (D:3)
  10 gnolls
  7 adders
  2 shadow imps
  3 white imps
  2 dart slugs
  2 ribbon worms
  28 orcs
  13 endoplasms
  5 giant cockroaches
  14 goblins
  7 hobgoblins
  12 jackals
  7 quokkas
  5 ball pythons
  9 bats
  4 frilled lizards
  24 kobolds
  8 rats
253 creatures vanquished.

Vanquished Creatures (others)
  A kobold (D:9)
1 creature vanquished.

Grand Total: 254 creatures vanquished

Notes
Turn   | Place    | Note
-------+----------+-------------------------------------------
     0 | D:1      | firemarshallily the Armataur Fighter began the quest for
                  | the Orb.
     0 | D:1      | Reached XP level 1. HP: 18/18 MP: 1/1
   108 | D:1      | Reached XP level 2. HP: 25/25 MP: 2/2
   253 | D:1      | Found a faded altar of an unknown god.
   303 | D:1      | Reached XP level 3. HP: 31/31 MP: 3/3
  1064 | D:2      | Found Zyxeel's Weapon Emporium.
  1245 | D:2      | Reached XP level 4. HP: 35/38 MP: 4/4
  1325 | D:2      | Found a shimmering blue altar of Sif Muna.
  1541 | D:3      | Found a broken altar of Ashenzari.
  1611 | D:3      | Became a worshipper of Ashenzari the Shackled
  1679 | D:3      | Noticed Robin
  1688 | D:3      | Killed Robin
  1852 | D:3      | Noticed Jessica
  1858 | D:3      | Killed Jessica
  1859 | D:3      | Reached XP level 5. HP: 46/46 MP: 5/5
  2166 | D:3      | Found a runed translucent door.
  2167 | D:3      | Noticed Crazy Yiuf
  2735 | D:4      | Found a hide-covered altar of Uskayaw.
  2746 | D:4      | Reached XP level 6. HP: 37/53 MP: 6/6
  2885 | D:4      | Found a runed translucent door.
  2885 | D:4      | Noticed LoggersVIII's ghost (novice OpEE)
  2907 | D:4      | Reached skill level 5 in Armour
  3301 | D:5      | Entered Level 5 of the Dungeon
  3334 | D:5      | Reached skill level 5 in Fighting
  3479 | D:5      | Gained mutation: You regenerate magic and health when
                  | rolling toward enemies. (Rampage Regen) [Armataur growth]
  3479 | D:5      | Reached XP level 7. HP: 61/61 MP: 7/7
  3499 | D:5      | Identified a scroll of acquirement
  3499 | D:5      | Acquired 843 gold pieces
  3532 | D:5      | Reached * piety under Ashenzari
  3688 | D:5      | Noticed a steam dragon
  3706 | D:5      | Killed a steam dragon
  3707 | D:5      | Reached skill level 5 in Shields
  3715 | D:5      | Identified the cursed +0 pair of gloves "Share My Yoke"
                  | {Self, Fort} (You found it on level 3 of the Dungeon)
  3715 | D:5      | Identified the cursed +2 robe "Eternal Vision" {rF+, Range,
                  | Melee} (You took it off Jessica on level 3 of the Dungeon)
  4263 | D:6      | Noticed Eustachio
  4277 | D:6      | Killed Eustachio
  4278 | D:6      | Reached XP level 8. HP: 71/71 MP: 8/8
  4303 | D:6      | Found a snail-covered altar of Cheibriados.
  4427 | D:2      | Bought 4 darts of dispersal for 50 gold pieces
  4427 | D:2      | Bought 6 boomerangs for 168 gold pieces
  4427 | D:2      | Bought the +4 mace "Dragonslayer" {antimagic, +Blink rPois}
                  | for 660 gold pieces
  5636 | D:7      | Found a glowing silver altar of Zin.
  5662 | D:7      | Reached skill level 5 in Maces & Flails
  5757 | D:7      | Found a staircase to the Ecumenical Temple.
  5850 | D:7      | Reached XP level 9. HP: 80/81 MP: 3/9
  6214 | D:8      | Found Minyizunn's Jewellery Emporium.
  6225 | D:8      | Found a staircase to the Lair.
  6421 | D:8      | Found a bloodstained altar of Trog.
  6619 | D:9      | Noticed a two-headed ogre
  7057 | D:8      | Reached XP level 10. HP: 92/92 MP: 3/10
  8119 | D:9      | Killed a two-headed ogre
  8170 | D:9      | Reached skill level 10 in Fighting
  8308 | D:9      | Found a sacrificial altar of Ru.
  8355 | D:9      | Found a hazy altar of Hepliaklqana.
  8515 | D:10     | Entered Level 10 of the Dungeon
  8998 | D:10     | Noticed Fannar
  8998 | D:10     | Noticed Erica
  9118 | D:11     | Acquired the +4 eveningstar "Giant's Toothpick" {antimagic,
                  | rN+ Int+3 Dex+3}
  9123 | D:11     | Reached ** piety under Ashenzari
  9349 | D:11     | Reached XP level 11. HP: 93/104 MP: 3/11
 10014 | D:11     | Found a shimmering altar of Xom.
 10015 | D:11     | Found a shimmering altar of Xom.
 10015 | D:11     | Found a shimmering altar of Xom.
 10015 | D:11     | Found a shimmering altar of Xom.
 10016 | D:11     | Found a shimmering altar of Xom.
 10016 | D:11     | Found a shimmering altar of Xom.
 10016 | D:11     | Found a shimmering altar of Xom.
 10017 | D:11     | Found a shimmering altar of Xom.
 10018 | D:11     | Found a shimmering altar of Xom.
 10018 | D:11     | Found a shimmering altar of Xom.
 10018 | D:11     | Found a shimmering altar of Xom.
 10199 | D:10     | Killed Fannar
 10200 | D:10     | Reached skill level 10 in Armour
 10200 | D:10     | Reached skill level 1 in Dodging
 10226 | D:10     | Mangled by Erica

Illustrated notes

Levels and vault maps discovered:
D:1:      enne_arrival_octagon_isle, layout_rooms, shapermc_ecumenical_altar_gd
D:2:      layout_basic, serial_shops, nicolae_shop_bloodbath_and_beyond,
          basic_altar
D:3:      layout_basic, nicolae_ashenzari_panopticon, fountainhead,
          uniq_crazy_yiuf_cottage, uniq_jessica, uniq_robin
D:4:      layout_gridville, nicolae_uskayaw_murder_on_the_dancefloor,
          gammafunk_ghost_grave
D:5:      layout_cave_pools, serial_column_ruins, column_ruins_hut,
          column_ruins_hut_pillars, column_ruins_columns_straight,
          column_ruins_columns_dead_end, column_ruins_open_large,
          column_ruins_open_tiny, column_ruins_open_medium,
          column_ruins_open_tiny, kennysheep_small_spiral
D:6:      nicolae_cairo_tiling, layout_rooms, cheibriados_altar_1,
          uniq_eustachio
D:7:      layout_basic, zin_scriptorium, minmay_temple_entry_hall
D:8:      erik_cavepeople, layout_cave_pools, lightli_temple_of_fire,
          serial_shops, nicolae_shop_advertising_works
          [nicolae_subvault_shop_adworks]
D:9:      layout_rooms, kennysheep_mini_moat, mainiacjoe_overflow_brackets
D:10:     layout_stronghold, nicolae_kikubaaqudgha_miasma_corner, orc_0_dummy,
          uniq_fannar, uniq_erica
D:11:     layout_basic, minivault_16, xom_shifter_show

Skill      XL: |  1  2  3  4  5  6  7  8  9 10 11 |
---------------+----------------------------------+-----
Fighting       | 3 4 5 6 7 8 10 | 10.4
Maces & Flails | 2 3 4 5 6 7 |  7.5
Armour         | 4 5 6 7 8 9 10 | 10.0
Shields        | 4 5 6 7 9 |  9.1
Dodging        | 1 |  1.1

Action                     |  1- 3 |  4- 6 |  7- 9 | 10-12 || total
---------------------------+-------+-------+-------+-------++-------
  Melee: Flail             |   155 |   264 |    70 |       ||   489
         Tailslap          |     7 |    26 |    41 |    50 ||   124
         Mace              |       |       |   273 |   200 ||   473
         Eveningstar       |       |       |       |    75 ||    75
         Unarmed           |       |       |       |    11 ||    11
 Invoke: Curse Item        |       |     1 |     1 |     1 ||     3
    Use: Potion            |       |     2 |     4 |     4 ||    10
         Scroll            |       |       |     5 |     5 ||    10
   Stab: Sleeping          |       |     1 |     1 |       ||     2
         Invisible         |       |       |     2 |       ||     2
 Armour: Scale mail        |   117 |    51 |       |       ||   168
         Robe              |       |   178 |   258 |   218 ||   654
         Skin              |       |       |    20 |     6 ||    26
  Dodge: Dodged            |    61 |   109 |   128 |   118 ||   416
  Block: Buckler           |    44 |    79 |   219 |   153 ||   495
         Reflection        |       |       |     3 |     6 ||     9
         Other             |       |       |       |     3 ||     3
